 Dungeon Crawl Stone Soup version 0.28-a0-1087-gf3fc490d9d (webtiles) character file.

Game seed: 6229835102846798648

4473 spiderkeys the Carver (level 10, -1/77 HPs)
             Began as a Barachi Abyssal Knight on Dec 10, 2021.
             Was an Elder of Lugonu.
             Slain by a basilisk (7 damage)
             ... while petrified by a basilisk
             ... on level 8 of the Dungeon.
             The game lasted 00:21:07 (8783 turns).

spiderkeys the Carver (Barachi Abyssal Knight)      Turns: 8783, Time: 00:21:07

Health: -1/77      AC:  8    Str: 15    XL:     10   Next: 38%
Magic:  13/16      EV:  2    Int: 13    God:    Lugonu [****..]
Gold:   612        SH:  0    Dex: 20    Spells: 7/15 levels left

rFire   . . .      SeeInvis .   z - +2 short sword (elec)
rCold   . . .      Faith    .   (no shield)
rNeg    + + +      Spirit   .   b - +0 leather armour
rPois   ∞          Reflect  +   x - +1 helmet
rElec   .          Harm     .   (no cloak)
rCorr   +          Rampage  .   c - +2 pair of gloves {Stlth+}
Will    .....                   (no boots)
Stlth   +++.......              r - amulet of reflection
HPRegen 0.22/turn               M - ring of Jealousy {rPois rN+ rCorr Stlth+}
MPRegen 0.15/turn               D - +6 ring of dexterity

@: petrified, slow
A: amphibious, slowness 1, strong legs 1, +LOS
a: Hop, Renounce Religion, Depart the Abyss, Bend Space, Banish, Corrupt


You were on level 8 of the Dungeon.
You worshipped Lugonu.
Lugonu was greatly pleased with you.
You visited 1 branch of the dungeon, and saw 8 of its levels.
You visited the Abyss 1 time.
You also visited: Sewer and Ossuary.

You collected 612 gold pieces.


Innate Abilities, Weirdness & Mutations

You are amphibious.
You cover ground slowly.
You can hop short distances.
You have an extended range of vision and can be seen from far away.


   Skills:
 + Level 6.8 Fighting
 - Level 8.0 Long Blades
 - Level 2.4 Armour
 - Level 5.0 Dodging
 - Level 3.0 Spellcasting
 - Level 8.0 Translocations
 - Level 8.0 Invocations


You had 7 spell levels left.
You knew the following spells:

 Your Spells              Type           Power      Damage    Failure   Level
t - Teleport Other        Tloc           22%        N/A       3%          3
X - Manifold Assault      Tloc           22%        N/A       28%         5

Your spell library contained the following spells:

 Spells                   Type           Power      Damage    Failure   Level
 Blink                    Tloc           44%        N/A       1%          2
 Gell's Gravitas          Tloc           22%        N/A       3%          3
 Lesser Beckoning         Tloc           22%        N/A       3%          3
 Portal Projectile        Hex/Tloc       24%        N/A       16%         3
 Foxfire                  Conj/Fire      4%         2x1d4     28%         1
 Conjure Flame            Conj/Fire      1%         6-21      63%         3
 Inner Flame              Hex/Fire       1%         N/A       63%         3
 Dispersal                Tloc           11%        N/A       85%         6
 Flame Wave               Conj/Fire      1%         2d4       95%         4
 Blade Hands              Tmut           0%         N/A       100%        5
 Excruciating Wounds      Necr           0%         N/A       100%        5
 Disjunction              Tloc           11%        N/A       100%        8

Inventory:

Hand Weapons
 a - a +1 falchion
 z - a +2 short sword of electrocution (weapon)
   (You took it off Robin on level 4 of the Dungeon)
 A - a +2 dagger of venom
   (You took it off a goblin on level 4 of the Dungeon)
Missiles
 e - 80 arrows
 f - 270 stones
 j - 4 atropa-tipped darts
 n - 28 sling bullets
 p - 66 bolts
 F - 2 javelins
 J - 12 poisoned darts
Armour
 b - a +0 leather armour (worn)
 c - a +2 pair of gloves of stealth (worn)
   (You acquired it on level 3 of the Abyss)
 x - a +1 helmet (worn)
   (You took it off Robin on level 4 of the Dungeon)
Magical Staves
 t - a staff of conjuration {!a}
   (You took it off a kobold on level 4 of the Dungeon)
Jewellery
 r - an amulet of reflection (around neck)
   (You found it on level 4 of the Dungeon)
 v - a ring of see invisible
   (You found it in a sewer)
 C - a ring of protection from cold
   (You found it on level 2 of the Dungeon)
 D - a +6 ring of dexterity (right hand)
   (You found it on level 3 of the Dungeon)
 G - an amulet of guardian spirit
   (You found it on level 5 of the Dungeon)
 L - a ring of flight
   (You found it on level 7 of the Dungeon)
 M - the ring of Jealousy (left hand) {rPois rN+ rCorr Stlth+}
   (You acquired it on level 8 of the Dungeon)

   [ring of resist corrosion]

   rPois:     It protects you from poison.
   rN:        It protects you from negative energy.
   rCorr:     It protects you from acid and corrosion.
   Stlth:     It makes you more stealthy.
 P - a ring of poison resistance
   (You found it on level 1 of the Dungeon)
 W - a ring of magical power
   (You found it on level 6 of the Dungeon)
Wands
 u - a wand of acid (7)
   (You took it off a kobold on level 4 of the Dungeon)
 w - a wand of flame (44)
   (You took it off Ijyb on level 4 of the Dungeon)
 y - a wand of mindburst (3)
   (You took it off Robin on level 4 of the Dungeon)
 I - a wand of digging (12)
   (You took it off Sigmund on level 6 of the Dungeon)
 Q - a wand of iceblast (1)
   (You found it on level 8 of the Dungeon)
Scrolls
 d - 3 scrolls of fear
 g - a scroll of blinking {!r}
 h - 3 scrolls of enchant weapon
 i - a scroll of summoning
 s - a scroll of teleportation {@r4}
 H - 2 scrolls of magic mapping {!r}
 N - a scroll of immolation {unknown}
 O - 2 scrolls of amnesia
 T - a scroll of holy word
 U - a scroll of fog
 V - a scroll of noise {unknown}
Potions
 k - 2 potions of resistance {unknown}
 l - a potion of magic {unknown}
 m - a potion of ambrosia {unknown}
 o - a potion of brilliance {unknown}
 q - a potion of degeneration {unknown}
 B - 2 potions of lignification {unknown}
 E - 3 potions of curing {@q1}
 K - 2 potions of heal wounds {@q2}
 R - a potion of might {unknown}
 S - a potion of attraction {unknown}

Dungeon Overview and Level Annotations

Branches:
Dungeon (8/15)             Temple (0/1) D:7            Lair (0/6) D:8
  Sewer (visited)         Ossuary (visited)

Altars:

Annotations:
D:4 3 runed translucent doors, EPluribusUnum's ghost, amateur DsGl
Abyss:1 Harold

.....##.........).....##.........
.....................###.#.P.....
.......(...............#.#..P....
.........................##.....#
.........................# #...##
#.....#......###Kh........#
#.....#........KY######..##
..............Kll#....#..#
.............)##@###..#..###
.................).)..#....#
......##.........###..#...#
.......#........)#....#...#
...............))######.#)#
...................)).....#
.....###[..>.....#.)............
.#.#####.......####...###.......
##.# #.[.....## #...# #......


You could see a yak, a basilisk, a black bear, a wyvern and 3 kobolds.


Message History

You hit the kobold.
You kill the kobold!
Lugonu accepts your kill.
No target in view!
No target in view!
A black bear comes into view.
Things that are here:
a +0 whip; a kobold corpse A black bear is nearby!
A black bear is nearby!
A black bear is nearby!
A yak and a wyvern come into view.
Found a staircase to the Lair.
A basilisk comes into view.
A kobold comes into view. It is wielding a +0 short sword.
The black bear growls angrily.
The wyvern hisses angrily.
The yak bellows!
The basilisk hisses angrily.
You hear a shout!
A kobold comes into view. It is wielding a +0 short sword.
A kobold comes into view. It is wielding a +0 dagger.
The kobold shouts! x3
You hit the wyvern. The wyvern barely misses you. The wyvern barely misses you.
The wyvern bites you!
An orc comes into view.
It is wielding a +0 flail and quivering silver boomerangs. 😕 HP[-10]
You take 10 damage, and now have 67/77 hp.
Okay, then.
Casting: Teleport Other (dangerous; 3% risk of failure)
Confirm with . or Enter, or press ? or * to list all spells.
Aiming: Teleport Other (dangerous; 3% risk of failure)
Press: ? - help, Shift-Dir - straight line, f - wyvern
Aim: a wyvern (lightly wounded, chance to affect: 62%)
You miscast Teleport Other.
You are very lightly contaminated with residual magic.
Nothing appears to happen.
You block the wyvern's attack. The wyvern bites you! 😮 HP[-16] MP[-3]
You take 16 damage, and now have 51/77 hp.
MASSIVE DAMAGE!! (PAUSE)
You lost 3 mp, and now have 13/16 mp.
Unknown command.
Casting: Teleport Other (dangerous; 3% risk of failure)
Confirm with . or Enter, or press ? or * to list all spells.
Aiming: Teleport Other (dangerous; 3% risk of failure)
Press: ? - help, Shift-Dir - straight line, f/p - wyvern
Aim: a wyvern (lightly wounded, chance to affect: 62%)
The wyvern resists with significant effort.
You block the wyvern's attack. The yak gores you. 😮 HP[-1] MP[-3]
You take 1 damage, and now have 50/77 hp.
You lost 3 mp, and now have 10/16 mp.
You block the wyvern's attack.
The wyvern bites you but does no damage. 😮 HP[+1]
You block the wyvern's attack. The wyvern closely misses you. 😮 MP[+1]
The wyvern closely misses you.
Your magical contamination has completely faded away. 😮 HP[+1]
You block the yak's attack. The wyvern bites you!
* * * LOW HITPOINT WARNING * * *
The orc throws a silver boomerang.
The silver boomerang barely misses you. You block the wyvern's attack.
You see here a +0 hand axe. 😨 HP[-15]
You take 15 damage, and now have 37/77 hp.
The wyvern barely misses you.
Things that are here:
a +0 dagger; a +0 leather armour; 😨 HP[+1]
The basilisk gazes at you.
You are slowing down.
The wyvern barely misses you.
You see here a +3 whip. 😨 MP[+1]
The wyvern barely misses you.
You have turned to stone.
The wyvern bites you!
* * * LOW HITPOINT WARNING * * *
The wyvern bites you!
* * * LOW HITPOINT WARNING * * *
The basilisk bites you.
* * * LOW HITPOINT WARNING * * *
The wyvern bites you.
* * * LOW HITPOINT WARNING * * *
The basilisk completely misses you. The wyvern bites you.
* * * LOW HITPOINT WARNING * * *
The wyvern bites you!
* * * LOW HITPOINT WARNING * * *
The basilisk bites you!
* * * LOW HITPOINT WARNING * * *
The wyvern bites you.
* * * LOW HITPOINT WARNING * * *
The basilisk gazes at you. You resist with some effort.
The wyvern bites you but does no damage.
The wyvern bites you!
* * * LOW HITPOINT WARNING * * *
The basilisk bites you!
You die...

Skill      XL: |  1  2  3  4  5  6  7  8  9 10 |
---------------+-------------------------------+-----
Long Blades    | 3 4 5 6 7 8 |  8.0
Fighting       | 4 5 6 |  6.8
Dodging        | 2 4 5 |  5.0
Translocations | 1 4 6 7 8 |  8.0
Invocations    | 3 5 8 |  8.0
Spellcasting   | 3 |  3.0
Armour         | |  2.4

Action                   |  1- 3 |  4- 6 |  7- 9 | 10-12 || total
-------------------------+-------+-------+-------+-------++-------
Melee: Falchion          |    89 |   238 |       |       ||   327
       Short sword       |       |       |   250 |   159 ||   409
 Cast: Teleport Other    |       |       |       |     3 ||     3
Invok: Depart the Abyss  |     1 |       |       |       ||     1
       Bend Space        |       |     1 |     1 |       ||     2
       Banish            |       |       |     4 |     1 ||     5
 Abil: Hop               |       |     3 |     1 |       ||     4
Evoke: Wand              |       |     6 |     2 |    11 ||    19
  Use: Scroll            |     1 |     1 |     9 |     3 ||    14
       Potion            |       |     1 |       |       ||     1
 Stab: Sleeping          |     2 |     6 |     5 |     3 ||    16
       Distracted        |       |       |     1 |     1 ||     2
Armor: Leather armour    |    65 |    80 |    53 |    46 ||   244
Dodge: Dodged            |    93 |   166 |   131 |    83 ||   473
Block: Other             |       |    30 |    59 |    38 ||   127
       Reflection        |       |     2 |       |     1 ||     3

Levels and vault maps discovered:
D:1:      lightli_molten_gateway, layout_basic, fountainhead, kennysheep_doodads
D:2:      layout_loops_cross, minmay_octomino_c4
D:3:      layout_basic, hellmonk_ecumenical_altar_heavens_door
D:4:      minmay_door_path, layout_basic, gammafunk_ghost_icy,
          amcnicky_mini_corridor_feature, chequers_serial_rivers_small_b,
          uniq_ijyb, uniq_robin
D:5:      layout_rooms, minmay_misc_feat_doors
D:6:      layout_basic, portal_sewer_entry_e, uniq_sigmund
D:7:      layout_basic, minmay_temple_entry_junction, uniq_harold
D:8:      layout_cave_pools, david_lair_generic, enter_ossuary_4

Notes
Turn   | Place    | Note
-------+----------+-------------------------------------------
     0 | Abyss:1  | spiderkeys the Barachi Abyssal Knight began the quest for
                  | the Orb.
     0 | Abyss:1  | Reached XP level 1. HP: 18/18 MP: 2/2
     0 | Abyss:1  | magus.rc [v1.9.10]
    46 | Abyss:2  | Found a corrupted altar of Lugonu.
    62 | Abyss:2  | You pick up a book of Flames and begin reading...
    62 | Abyss:2  | You add the spells Foxfire, Conjure Flame, Inner Flame and
                  | Flame Wave to your library.
    73 | Abyss:2  | Found a corrupted altar of Lugonu.
    88 | Abyss:3  | Noticed a neqoxec
    97 | Abyss:3  | Noticed a fire bat
    98 | Abyss:3  | Noticed a fire bat
    98 | Abyss:3  | Noticed a fire bat
    99 | Abyss:3  | Noticed a fire bat
   100 | Abyss:3  | Identified a scroll of acquirement
   100 | D:1      | You pass through the gate.
   100 | D:1      | Escaped the Abyss
   101 | D:1      | Acquired a +2 pair of gloves of stealth
   408 | D:1      | Reached XP level 2. HP: 25/25 MP: 3/3
   419 | D:1      | Reached * piety under Lugonu
   420 | D:1      | Reached skill level 3 in Long Blades
   511 | D:1      | You fall into a shaft and drop 1 floor!
   534 | D:2      | Reached skill level 4 in Fighting
   538 | D:2      | Reached XP level 3. HP: 26/30 MP: 4/4
   563 | D:2      | Reached skill level 2 in Dodging
   812 | D:2      | Reached XP level 4. HP: 34/37 MP: 5/5
   814 | D:2      | Reached skill level 4 in Long Blades
  1245 | D:2      | You add the spells Gell's Gravitas, Teleport Other and
                  | Dispersal to your library.
  1336 | D:2      | Learned a level 3 spell: Teleport Other
  1526 | D:1      | Reached ** piety under Lugonu
  1527 | D:1      | HP: 7/38 [hobgoblin (4)]
  1528 | D:1      | HP: 2/38 [hobgoblin (3)]
  2393 | D:3      | Found a faded altar of an unknown god.
  2971 | D:4      | Reached XP level 5. HP: 38/43 MP: 6/6
  3142 | D:4      | You pick up a book of Weapons and begin reading...
  3142 | D:4      | You add the spells Portal Projectile, Excruciating Wounds
                  | and Blade Hands to your library.
  3146 | D:4      | Noticed EPluribusUnum's ghost (amateur DsGl)
  3147 | D:4      | Noticed an ice beast
  3162 | D:4      | Reached skill level 5 in Long Blades
  3173 | D:4      | Reached skill level 5 in Fighting
  3173 | D:4      | Reached skill level 3 in Dodging
  3281 | D:4      | Reached skill level 4 in Dodging
  3281 | D:4      | Reached XP level 6. HP: 18/46 MP: 7/7
  3536 | D:4      | Reached skill level 5 in Dodging
  3897 | D:4      | Reached skill level 1 in Translocations
  3993 | D:4      | Noticed Ijyb
  4013 | D:4      | Killed Ijyb
  4018 | D:4      | You pick up a book of Spatial Translocations and begin
                  | reading...
  4018 | D:4      | You add the spells Blink, Lesser Beckoning and Manifold
                  | Assault to your library.
  4227 | D:4      | Noticed Robin
  4259 | D:4      | Killed Robin
  4260 | D:4      | Reached XP level 7. HP: 36/56 MP: 8/8
  4439 | D:4      | Found a runed translucent gate.
  4439 | D:4      | Found a runed translucent gate.
  4439 | D:4      | Found a runed translucent gate.
  4476 | D:4      | Reached *** piety under Lugonu
  4477 | D:4      | Reached skill level 2 in Translocations
  4477 | D:4      | Reached skill level 2 in Invocations
  4839 | D:5      | Entered Level 5 of the Dungeon
  4901 | D:5      | Reached skill level 3 in Translocations
  4962 | D:5      | Reached skill level 6 in Long Blades
  4962 | D:5      | Reached skill level 4 in Translocations
  5344 | D:6      | Reached skill level 3 in Invocations
  5344 | D:6      | Reached XP level 8. HP: 38/62 MP: 10/10
  5606 | D:6      | Noticed a vampire
  5613 | D:6      | Banished a vampire
  5614 | D:6      | Reached skill level 5 in Translocations
  5626 | D:6      | Noticed Sigmund
  5627 | D:6      | Noticed a two-headed ogre
  5630 | D:6      | Banished a two-headed ogre
  5631 | D:6      | Reached skill level 7 in Long Blades
  5631 | D:6      | Reached skill level 6 in Translocations
  5631 | D:6      | Reached skill level 5 in Invocations
  5631 | D:6      | Reached XP level 9. HP: 68/68 MP: 4/12
  5688 | D:6      | Found a glowing drain.
  5694 | Sewer    | Entered a sewer
  5966 | D:6      | Killed Sigmund
  5967 | D:6      | Reached skill level 8 in Long Blades
  6025 | D:6      | Reached skill level 6 in Invocations
  7011 | D:7      | Reached **** piety under Lugonu
  7012 | D:7      | Reached skill level 7 in Invocations
  7064 | D:7      | Learned a level 5 spell: Manifold Assault
  7395 | D:7      | Found a staircase to the Ecumenical Temple.
  7404 | D:7      | Noticed Harold
  7405 | D:7      | Banished Harold
  7406 | D:7      | Reached skill level 7 in Translocations
  7406 | D:7      | Reached skill level 8 in Invocations
  7406 | D:7      | Reached XP level 10. HP: 74/74 MP: 10/16
  7453 | D:7      | You pick up a book of the Warp and begin reading...
  7670 | D:8      | Reached skill level 1 in Spellcasting
  7687 | D:8      | Reached skill level 2 in Spellcasting
  7706 | D:8      | Acquired the ring of Jealousy {rPois rN+ rCorr Stlth+}
  7790 | D:8      | Found a sand-covered staircase.
  7811 | Ossuary  | Entered an ossuary
  8033 | Ossuary  | Reached skill level 8 in Translocations
  8309 | D:8      | Reached skill level 6 in Fighting
  8477 | D:8      | Reached skill level 3 in Spellcasting
  8758 | D:8      | Found a staircase to the Lair.
  8781 | D:8      | HP: 17/77 [wyvern (6)]
  8783 | D:8      | HP: 6/77 [wyvern (5)]
  8783 | D:8      | Slain by a basilisk

Vanquished Creatures
  A centaur zombie (D:8)
  Sigmund (D:6)
  An acid dragon (D:6)
  A water moccasin (D:8)
  3 sky beasts
  An ogre (D:5)
  A centaur (D:4)
  3 kobold brigands
  A gnoll sergeant (D:8)
  A bullfrog (Sewer)
  2 wyvern skeletons
  3 killer bees (D:7)
  A howler monkey (D:7)
  3 wights (D:4)
  A bullfrog skeleton (D:5)
  3 hounds
  2 orc priests (D:8)
  A centaur skeleton (D:4)
  2 iguanas
  Ijyb (D:4)
  7 orc wizards
  A hound skeleton (D:4)
  8 mummies (Ossuary)
  A howler monkey zombie (D:6)
  Robin (D:4)
  7 gnolls
  4 river rats (D:6)
  9 adders
  A white imp (D:7)
  An ufetubus (D:5)
  An adder skeleton (D:4)
  3 worms
  4 dart slugs
  17 orcs
  8 ball pythons
  3 endoplasms
  9 giant cockroaches
  19 goblins
  10 hobgoblins
  8 jackals
  16 kobolds
  6 quokkas
  12 bats
  9 frilled lizards
  2 gnoll zombies (Ossuary)
  2 hobgoblin zombies (Ossuary)
  A kobold zombie (Ossuary)
  3 orc zombies (Ossuary)
  2 quokka zombies (D:8)
  8 rats
216 creatures vanquished.

Vanquished Creatures (others)
  A fungus (D:8)
1 creature vanquished.

Grand Total: 217 creatures vanquished

Table legend:
 A = Non-vault XP
 B = Vault XP
 C = Vault XP percentage of total XP
 D = Non-vault monster count
 E = Vault monster count
 F = Vault count percentage of total count
                 A         B        C        D         E       F
            +---------+---------+-------+---------+---------+-------
      Total |    4790 |    1601 |  25.1 |     150 |      71 |  32.1
            +---------+---------+-------+---------+---------+-------
        D:1 |      46 |       0 |   0.0 |      24 |       0 |   0.0
        D:2 |      44 |      40 |  47.6 |      18 |       8 |  30.8
        D:3 |      20 |       0 |   0.0 |      13 |       0 |   0.0
        D:4 |     489 |     115 |  19.0 |      23 |      16 |  41.0
        D:5 |     407 |       0 |   0.0 |      14 |       0 |   0.0
        D:6 |    1646 |     282 |  14.6 |      17 |       9 |  34.6
        D:7 |     614 |     871 |  58.7 |      15 |       1 |   6.2
        D:8 |    1524 |       2 |   0.1 |      26 |       2 |   7.1
      Sewer |       0 |     139 | 100.0 |       0 |      19 | 100.0
    Ossuary |       0 |     152 | 100.0 |       0 |      16 | 100.0
            +---------+---------+-------+---------+---------+-------

Illustrated notes

Table legend:
 A = Kills in this place as a percentage of kills in entire the game.
 B = Kills by you in this place as a percentage of kills by you in the entire game.
 C = Kills by friends in this place as a percentage of kills by friends in the entire game.
 D = Other kills in this place as a percentage of other kills in the entire game.
 E = Experience gained in this place as a percentage of experience gained in the entire game.
 F = Experience gained in this place divided by the number of levels of this place that you have seen.
                   A       B       C       D       E      F
               +-------+-------+-------+-------+-------+----------------------
         Total | 100.0 | 100.0 |   N/A | 100.0 | 100.0 | 491.6
       Dungeon |  84.2 |  83.8 |   N/A | 100.0 |  95.4 | 762.5
         Sewer |   8.6 |   8.8 |   N/A |   0.0 |   2.2 | 139.0
       Ossuary |   7.2 |   7.4 |   N/A |   0.0 |   2.4 | 152.0
               +-------+-------+-------+-------+-------+----------------------

Table legend: (Time is in decaauts)
 A = Elapsed time spent in this place.
 B = Non-inter-level travel time spent in this place.
 C = Inter-level travel time spent in this place.
 D = Time resting spent in this place.
 E = Time spent auto-exploring this place.
 F = Levels seen in this place.
 G = Mean time per level.
                   A        B        C        D        E       F      G
               +--------+--------+--------+--------+--------+-----+--------+
         Total |   9684 |   9453 |    231 |    967 |   6279 |  13 |  744.9 |
       Dungeon |   8812 |   8581 |    231 |    899 |   5926 |   8 | 1101.5 |
         Abyss |    117 |    117 |      0 |      0 |      0 |   3 |   39.0 |
         Sewer |    258 |    258 |      0 |      0 |    109 |   1 |  258.0 |
       Ossuary |    494 |    494 |      0 |     68 |    244 |   1 |  494.0 |
               +--------+--------+--------+--------+--------+-----+--------+

Top non-repeatable levels by time:
     D:4: 2069 daAuts
     D:6: 1426 daAuts
     D:2: 1355 daAuts
     D:3: 964 daAuts
     D:1: 880 daAuts
     D:7: 734 daAuts
     D:5: 691 daAuts
     D:8: 690 daAuts
 Ossuary: 494 daAuts
   Sewer: 258 daAuts
 Abyss:1: 54 daAuts
 Abyss:2: 33 daAuts
 Abyss:3: 29 daAuts
